 Dungeon Crawl Stone Soup version 0.28-a0-1533-gee5c5fb (webtiles) character file.

Game seed: 8714906073215400688

5 Illumine the Sneak (level 1, -3/20 HPs)
             Began as a Hill Orc Delver on Jan 17, 2022.
             Was an Initiate of Okawaru.
             Slain by a worm (9 damage)
             ... on level 2 of the Dungeon.
             The game lasted 00:02:44 (592 turns).

Illumine the Sneak (Hill Orc Delver)                 Turns: 592, Time: 00:02:44

Health: -3/20      AC:  3    Str: 14    XL:     1   Next: 80%
Magic:  1/1        EV: 11    Int: 10    God:    Okawaru [......]
Gold:   9          SH:  0    Dex: 12    Spells: 0/0 levels left

rFire   . . .      SeeInvis .   a - +0 hand axe
rCold   . . .      Faith    .   (no shield)
rNeg    . . .      Spirit   .   b - +0 leather armour
rPois   .          Reflect  .   (no helmet)
rElec   .          Harm     .   (no cloak)
rCorr   .          Rampage  .   (no gloves)
Will    .....                   (no boots)
Stlth   ++........              (no amulet)
HPRegen 0.06/turn               (no ring)
MPRegen 0.07/turn               (no ring)

@: no status effects
A: no striking features
a: Renounce Religion


You were on level 2 of the Dungeon.
You worshipped Okawaru.
Okawaru was noncommittal.
You visited 2 branches of the dungeon, and saw 6 of its levels.

You collected 9 gold pieces.

Inventory:

Hand Weapons
 a - a +0 hand axe (weapon)
Armour
 b - a +0 leather armour (worn)
Wands
 g - a wand of digging (3)
 i - a wand of acid (7)
Scrolls
 c - a scroll of fog
 d - 2 scrolls of identify {unknown}
 h - a scroll of amnesia {unknown}
 j - a scroll of magic mapping
Potions
 f - a potion of haste
 k - a potion of flight {unknown}
 l - a potion of berserk rage {unknown}


   Skills:
 + Level 3.7 Fighting
 * Level 3.1 Axes
 - Level 1.5 Dodging
 - Level 4.1 Stealth
 + Level 0.3 Evocations


You couldn't memorise any spells.
You didn't know any spells.
Your spell library was empty.

Dungeon Overview and Level Annotations

Branches:
Dungeon (6/15)             Temple (1/1) D:5

Altars:
Cheibriados
Dithmenos
Elyvilon
Gozag
Hepliaklqana
Kikubaaqudgha
Nemelex Xobeh
Okawaru
Qazlal
Sif Muna
Trog
Uskayaw
Vehumet
Yredelemnul
Zin
The Shining One


Message History

You climb upwards.
There is a stone staircase leading down here.
HP restored.
A worm comes into view.
The helpless worm fails to defend itself.
You hit the worm.
The worm is moderately wounded.
You barely miss the worm.
The worm is moderately wounded.
The worm bites you.
You hit the worm.
The worm is heavily wounded.
The worm bites you!
Ouch! That really hurt!
* * * LOW HITPOINT WARNING * * *
Throw: 3 darts (poison)
Press: ? - help, Q - select action, (/) - cycle Shift-Dir - straight line, f - worm
Aim: a worm (moderately wounded, 77% to hit)
You throw a poisoned dart. The poisoned dart hits the worm.
The worm is poisoned.
The worm is moderately wounded.
The worm looks more healthy.
Throw: 2 darts (poison)
Press: ? - help, Q - select action, (/) - cycle Shift-Dir - straight line, f/p - worm
Aim: a worm (moderately wounded, 77% to hit)
You throw a poisoned dart. The poisoned dart hits the worm.
The worm is poisoned.
The worm is moderately wounded.
Throw: dart (poison)
Press: ? - help, Q - select action, (/) - cycle Shift-Dir - straight line, f/p - worm
Aim: a worm (moderately wounded, poisoned, 77% to hit)
You throw a poisoned dart. The poisoned dart hits the worm.
The worm looks even sicker.
The worm is moderately wounded.
You hit the worm.
The worm is heavily wounded.
You hit the worm.
The worm is almost dead.
The worm bites you!
You die...

#.......# #.#
.#####(#####
........w.(>#
#.#####.###(#
#.# #.# #.#
#.# #.# #w#
#.# #@# #.#
#........ #.
#########


You could see a worm (poisoned).

Vanquished Creatures
  A dart slug (D:4)
  An orc (D:4)
  A rat (D:3)
3 creatures vanquished.

Notes
Turn   | Place    | Note
-------+----------+-------------------------------------------
     0 | D:5      | Illumine the Hill Orc Delver began the quest for the Orb.
     0 | D:5      | Reached XP level 1. HP: 19/19 MP: 1/1
    19 | D:5      | Found a staircase to the Ecumenical Temple.
    25 | Temple   | Entered the Ecumenical Temple
   198 | Temple   | Became a worshipper of Warmaster Okawaru
   489 | D:4      | Noticed an iguana
   592 | D:2      | Slain by a worm

Illustrated notes

Levels and vault maps discovered:
D:2:      layout_basic, st_stairs_5, uniq_terence, uniq_jessica
D:3:      layout_rooms
D:4:      layout_gridville, enter_ossuary_4, uniq_pikel
D:5:      layout_basic, mainiacjoe_overflow_surrounded_room,
          minmay_temple_entry_grid, ebering_ghost_reflecting_pool,
          uniq_menkaure, uniq_sigmund
D:6:      layout_basic, kennysheep_generic_room_6, uniq_grinder, uniq_maggie
Temple:   regret_index_temple_sphere_string

Skill      XL: |  1 |
---------------+----+-----
Axes           | 3 |  3.1
Fighting       | |  3.7
Dodging        | |  1.5
Stealth        | |  4.1
Evocations     | |  0.3

Action                   || total
-------------------------++-------
Melee: Hand axe          ||    24
Throw: Dart              ||     3
  Use: Scroll            ||     2
 Stab: Sleeping          ||     1
Armor: Leather armour    ||     3
Dodge: Dodged            ||     9

Table legend: (Time is in decaauts)
 A = Elapsed time spent in this place.
 B = Non-inter-level travel time spent in this place.
 C = Inter-level travel time spent in this place.
 D = Time resting spent in this place.
 E = Time spent auto-exploring this place.
 F = Levels seen in this place.
 G = Mean time per level.
                   A        B        C        D        E       F      G
               +--------+--------+--------+--------+--------+-----+--------+
         Total |    595 |    548 |     47 |     54 |    146 |   6 |   99.2 |
       Dungeon |    393 |    393 |      0 |     54 |     17 |   5 |   78.6 |
        Temple |    201 |    154 |     47 |      0 |    129 |   1 |  201.0 |
               +--------+--------+--------+--------+--------+-----+--------+

Top non-repeatable levels by time:
  Temple: 201 daAuts
     D:4: 192 daAuts
     D:5: 107 daAuts
     D:3: 51 daAuts
     D:2: 41 daAuts
     D:6: 1 daAuts
